 Seeded DCSS version 0.26.1-11-gd32895ea62 (webtiles) character file.

Game seed: 17802738566309663292 (custom seed)

142 Zeld the Digger (level 5, 30/30 HPs)
             Began as a Gargoyle Earth Elementalist on June 11, 2021.
             Quit the game on level 2 of the Dungeon.
             The game lasted 00:06:24 (4272 turns).

Zeld the Digger (Gargoyle Earth Elementalist)       Turns: 4272, Time: 00:06:25

Health: 30/30      AC:  7    Str: 15    XL:     5   Next: 25%
Magic:  9/9        EV: 12    Int: 16    God:
Gold:   110        SH:  0    Dex: 10    Spells: 3/9 levels left

rFire    . . .     SeeInvis .   (no weapon)
rCold    . . .     Faith    .   (no shield)
rNeg     + . .     Spirit   .   c - +0 robe
rPois    ∞         Reflect  .   (no helmet)
rElec    +         Harm     .   (no cloak)
rCorr    .         Rampage  .   a - +0 pair of gloves {Str+3}
Will     .....                  (no boots)
Stlth    ++........             (no amulet)
HPRegen  0.10/turn              (no ring)
MPRegen  0.11/turn              (no ring)

@: no status effects
A: negative energy resistance 1, electricity resistance, unbreathing,
petrification resistance, miasma immunity, AC +4
a: no special abilities


You were on level 2 of the Dungeon.
You visited 1 branch of the dungeon, and saw 3 of its levels.

You collected 110 gold pieces.

Inventory:

Missiles
 b - 32 stones (quivered)
Armour
 a - a +0 pair of gloves of strength (worn)
 c - a +0 robe (worn)
Scrolls
 d - a scroll of enchant weapon {unknown}
 h - 2 scrolls of enchant armour {unknown}
 i - 5 scrolls of remove curse {unknown}
 l - 4 scrolls of teleportation {unknown}
 o - a scroll of fog {unknown}
 p - 3 scrolls of identify {unknown}
Potions
 e - 2 potions of might {unknown}
 f - 2 potions of degeneration {unknown}
 g - 2 potions of curing {unknown}
 j - a potion of lignification {unknown}
 k - a potion of berserk rage {unknown}
 m - a potion of haste {unknown}
 n - a potion of heal wounds {unknown}


   Skills:
 + Level 1.8 Fighting
 + Level 2.4 Dodging
 + Level 3.3 Stealth
 + Level 2.7 Spellcasting
 - Level 1.0 Transmutations
 + Level 4.4 Earth Magic


You had 3 spell levels left.
You knew the following spells:

 Your Spells              Type           Power        Failure   Level
a - Sandblast             Erth           32%          3%          1
b - Passwall              Tmut/Erth      8%           10%         2
c - Stone Arrow           Conj/Erth      18%          22%         3

Your spell library contained the following spells:

 Spells                   Type           Power        Failure   Level
 Petrify                  Tmut/Erth      10%          52%         4
 Lee's Rapid Deconstruct  Erth           8%           63%         5


Dungeon Overview and Level Annotations

Branches:
Dungeon (3/15)

Altars:
Sif Muna


Innate Abilities, Weirdness & Mutations

You are resistant to torment.
Your stone body is resilient. (AC +4)
You are immune to poison.
You resist negative energy. (rN+)
You are resistant to electric shocks. (rElec)
You can survive without breathing.
You are immune to petrification.
You are immune to miasma.


Message History

Press: ? - help, Shift-Dir - straight line, f - giant cockroach
Aim: a giant cockroach (asleep, 0% to evade)
The blast of sand hits the giant cockroach!
You kill the giant cockroach!
b - 32 stones The hobgoblin shouts!
A hobgoblin is nearby!
You can't go up here!
There is a stone staircase leading up here.
You climb upwards.
There is a stone staircase leading down here.
There is an open door here.
There is an open door here.
You enter the shallow water.
Moving in this stuff is going to be slow.
There is a shimmering blue altar of Sif Muna here.
There is a shimmering blue altar of Sif Muna here.
Unknown command.
Press < or > to pray at altars.
Are you sure you want to abandon this character and quit the game? (Confirm with "yes".)

..........#.##########.#.# #.#
..........#......# #.#.# #.#
..........#....#.# #.#.# #.#
####+######..###.# #.#.# #.#
......#####.####'### #.#.# #.#
.........##.##≈≈.≈≈###.#.# #.#
.........##'#≈≈≈.≈≈≈##.#.# #.#
............#≈≈...≈≈##.#.#####.#
####........#≈≈.@.≈≈##)#.......#
##.......#≈≈...≈≈##)##########
#####.#.....#≈≈≈≈≈≈≈#............
....#...#...##≈≈≈≈≈###.#########.
......)......#######...........#.
...................#.###.#####.#.
...................#.#.......#.#.
...................#.#.###.#.#.#.
...................#.#.#...#.#.#.


There were no monsters in sight!

Vanquished Creatures
  3 adders
  3 gnolls (D:3)
  An ooze (D:1)
  3 worms
  3 dart slugs
  3 leopard geckos
  4 giant cockroaches
  13 goblins
  6 hobgoblins
  2 quokkas (D:2)
  2 ball pythons
  A bat (D:2)
  3 frilled lizards
  11 kobolds
  9 rats
67 creatures vanquished.

Notes
Turn   | Place    | Note
-------+----------+-------------------------------------------
     0 | D:1      | Zeld the Gargoyle Earth Elementalist began the quest for
                  | the Orb.
     0 | D:1      | Reached XP level 1. HP: 10/10 MP: 3/3
   516 | D:1      | Reached XP level 2. HP: 16/16 MP: 1/5
   655 | D:1      | Reached skill level 1 in Transmutations
   658 | D:1      | Learned a level 2 spell: Passwall
   898 | D:2      | Reached XP level 3. HP: 20/20 MP: 1/6
   899 | D:2      | Reached skill level 1 in Fighting
   918 | D:2      | Reached skill level 4 in Earth Magic
  1916 | D:3      | Found a faded altar of an unknown god.
  2009 | D:2      | Reached XP level 4. HP: 25/25 MP: 5/7
  2553 | D:2      | Found a shimmering blue altar of Sif Muna.
  2658 | D:2      | Learned a level 3 spell: Stone Arrow
  3768 | D:3      | Reached XP level 5. HP: 30/30 MP: 4/9
  4272 | D:2      | Quit the game

Illustrated notes

Levels and vault maps discovered:
D:1:      minmay_arrival_widening_spiral_narrow, layout_loops_ring
D:2:      layout_basic, led_sif_pool, dk_noncrumbling_4
D:3:      layout_loops_ring, zin_academy, chequers_ecumenical_altar_island,
          minmay_misc_feat_roman, minmay_misc_feat_chi, amcnicky_mini_pool_small

Skill      XL: |  1  2  3  4 |
---------------+-------------+-----
Transmutations | 1 |  1.0
Fighting       | 1 |  1.8
Earth Magic    | 4 |  4.4
Dodging        | 2 |  2.4
Stealth        | 3 |  3.3
Spellcasting   | |  2.7

Action                   |  1- 3 |  4- 6 || total
-------------------------+-------+-------++-------
Melee: Unarmed           |    46 |     2 ||    48
 Cast: Sandblast         |    43 |    65 ||   108
Armor: Robe              |    33 |    12 ||    45
Dodge: Dodged            |    56 |    20 ||    76
